Cogmind - Beta 13 @@@ ROGUE MODE // 2024.07.19 @ 03:03:21 Player: Sionnis Result: Destroyed by QB-AMF(R) with Subdweller Beam Cannon Performance ------------- Evolutions (0) 0 Regions Visited (2) 400 Robots Destroyed (25) 125 Value Destroyed (670) 670 Prototype IDs (1) 20 Alien Tech Used (0) 0 Bonus (0) 0 TOTAL SCORE: 1215 Bonus ------- None Cogmind --------- Core Integrity 0/250 Matter 300/300 Energy 167/170 System Corruption 0% Temperature Warning (334) Movement Treading (160) Location -10/Subcaves Parts ------- > --- POWER (1) -------- Makeshift Power Source > --- PROPULSION (2) --- Spiked Treads > --- UTILITY (2) ------ Improved Targeting Computer Improved Targeting Computer > --- WEAPON (2) ------- Advanced Beam Cannon Subdweller Beam Cannon > --- INVENTORY (5) ---- Light Treads Armored Wheel Subdweller Machine Gun Rocket Launcher Datajack Peak State ------------ > --- POWER ------------ Makeshift Power Source > --- PROPULSION ------- Light Treads Spiked Treads > --- UTILITY ---------- Improved Targeting Computer Improved Targeting Computer > --- WEAPON ----------- Advanced Beam Cannon Subdweller Beam Cannon > --- INVENTORY -------- Light Treads Armored Wheel Subdweller Machine Gun Rocket Launcher Datajack [Rating: 16] Favorites ----------- Power Light Nuclear Core Engine Makeshift Power Source Power Core Light Nuclear Core Propulsion Light Treads Treads Light Treads Utility Improved Targeting Computer Processor Improved Targeting Computer Weapon Advanced Beam Cannon Energy Cannon Advanced Beam Cannon Ballistic Gun Assault Rifle Build | -11 -10 -10 ------- Run | Yrd Mat Sub Slots Evolved . | . . . Power . | . . . Propulsion . | . . . Utility . | . . . Weapon . | . . . Parts Attached 18 | 5 7 6 Power 4 | 1 1 2 Engine 3 | 1 . 2 Core 1 | . 1 . Reactor . | . . . Propulsion 5 | 2 2 1 Treads 5 | 2 2 1 Leg . | . . . Wheel . | . . . Hover . | . . . Flight . | . . . Utility 2 | . 2 . Device . | . . . Storage . | . . . Processor 2 | . 2 . Hackware . | . . . Protection . | . . . Artifact . | . . . Weapon 7 | 2 2 3 Energy Gun . | . . . Energy Cannon 4 | . 2 2 Ballistic Gun 3 | 2 . 1 Ballistic Cannon . | . . . Launcher . | . . . Special Weapon . | . . . Impact Weapon . | . . . Slashing Weapon . | . . . Piercing Weapon . | . . . Special Melee Weapon . | . . . Unidentified Prototypes 1 | . 1 . Parts Lost 2 | . . 2 Power 1 | . . 1 Propulsion 1 | . . 1 Utility . | . . . Weapon . | . . . Highest Loss Streak 1 | . . 1 To Critical Strikes . | . . . Average Slot Usage (%) 99 | . 99 99 Engine 7 | . 1 13 Core 6 | . 12 . Treads 28 | . 28 28 Processor 27 | . 27 28 Energy Cannon 18 | . 10 25 Ballistic Gun 9 | . 17 2 Naked Turns . | . . . Heaviest Build 17 | 9 13 17 Greatest Support 40 | 40 40 40 Greatest Overweight (x) . | . . . Average Overweight (x) . | . . . Largest Inventory Capacity 5 | 5 5 5 Average Capacity 5 | 5 5 5 Most Carried 5 | 3 5 5 Average Carried 4 | 1 4 4 Final Capacity 5 | 5 5 5 Final Carried 5 | 3 5 5 Class Distribution -------------------- 100% | Mutant Dominant Class ---------------- Mutant | -10/Materials Mutant | -10/Subcaves Resources | -11 -10 -10 ----------- Run | Yrd Mat Sub Matter Collected 627 | 243 301 83 Remotely . | . . . Salvage Created 843 | . 416 427 Parts 54 | . 29 25 Haulers Intercepted 1 | . 1 . Recyclers Shooed . | . . . Parts Field Recycled . | . . . Retrieved Matter . | . . . Parts Self-Destructed 10 | . . 10 Prevented . | . . . Kills | -11 -10 -10 ------- Run | Yrd Mat Sub Combat Hostiles Destroyed 22 | . 11 11 Guns 11 | . 11 . Cannons 8 | . . 8 Classes Destroyed 7 | . 5 2 Worker 1 | . 1 . Builder 1 | . 1 . Hauler 1 | . 1 . Swarmer 7 | . 5 2 Grunt 6 | . 6 . Sentry 1 | . . 1 Subdweller 8 | . . 8 Best Kill Streak 6 | . 6 2 Combat Bots Only 5 | . 5 2 Max Kills in Single Turn 2 | . 2 1 Gunslinging . | . . . Exploded . | . . . Melee . | . . . Uniques/NPCs Destroyed . | . . . Combat | -11 -10 -10 -------- Run | Yrd Mat Sub Hostile Shots Fired 106 | . 52 54 Missed 36 | . 15 21 Damage Taken 1109 | . 397 712 Core 254 | . 104 150 Absorbed by Shields . | . . . Core Remaining (%) 100 | 100 . . Volleys Fired 90 | . 40 50 Largest 2 | . 2 2 Hottest 148 | . 136 148 Shots Fired 177 | . 80 97 Gun 87 | . 78 9 Cannon 90 | . 2 88 Launcher . | . . . Special . | . . . Kinetic 87 | . 78 9 Thermal 90 | . 2 88 Explosive . | . . . Electromagnetic . | . . . Robot Hit Streak 31 | . 14 31 Robot Miss Streak 3 | . 2 3 Penetration Max . | . . . Secondary Targets 4 | . 4 . Max Gunslinging Chain 1 | . 1 . Shots Hit Robots 119 | . 61 58 Core Hits 36 | . 22 14 Critical Kills 3 | . . 3 Critical Parts Destroyed 1 | . 1 . Critical Strikes 4 | . 1 3 Meltdown 3 | . . 3 Destroy 1 | . 1 . Melee Attacks . | . . . Impact . | . . . Slashing . | . . . Piercing . | . . . Sneak Attacks . | . . . Combat Hostiles . | . . . Follow-up Attacks . | . . . Damage Inflicted 2132 | . 808 1324 Guns 882 | . 766 116 Cannons 1250 | . 42 1208 Explosions . | . . . Melee . | . . . Ramming . | . . . Kinetic 882 | . 766 116 Thermal 1250 | . 42 1208 Explosive . | . . . Electromagnetic . | . . . Impact . | . . . Slashing . | . . . Piercing . | . . . Highest Corruption . | . . . Average Corruption . | . . . Corruption Purged . | . . . Corruption Blocked . | . . . Overload Shots . | . . . Overflow Damage 6 | . . 6 Projectiles 6 | . . 6 Explosions . | . . . Melee . | . . . Knockbacks . | . . . Impact . | . . . Kinetic . | . . . Secondary . | . . . Self-Inflicted Damage . | . . . Shots . | . . . Rammed . | . . . Targets Rammed . | . . . Kicked . | . . . Crushed . | . . . Highest Temperature 354 | . 60 354 Average Temperature 77 | . 33 78 Received Heat Transfer 612 | . 138 474 Effects 1 | . . 1 Energy Bleed 1 | . . 1 Siege Activations . | . . . Robots Corrupted . | . . . Combat Hostiles . | . . . Parts Fried . | . . . Impact Corruptions . | . . . Robots Melted 3 | . . 3 Combat Hostiles 3 | . . 3 Parts Melted 9 | . . 9 Heat Transferred 2035 | . 74 1961 Parts Sabotaged . | . . . Parts Stolen . | . . . Parts Stripped . | . . . Power Chain Reactions . | . . . Alert | -11 -10 -10 ------- Run | Yrd Mat Sub Peak Influence 192 | . 192 . Initial . | . . . Average 52 | . 55 . Maximum Alert Level . | . . . Low Security (%) 100 | 100 100 . Level 1 . | . . . Level 2 . | . . . Level 3 . | . . . Level 4 . | . . . Level 5 . | . . . High Security . | . . . Max Security . | . . . Squads Dispatched 2 | . 2 . Investigation 1 | . 1 . Extermination . | . . . Reinforcement 1 | . 1 . Assault . | . . . Garrison . | . . . Intercept . | . . . Searches Triggered . | . . . Construction Impeded . | . . . Haulers Reinforced . | . . . Active Scanning Responses . | . . . Cargo Convoy Interrupts . | . . . Stealth | -11 -10 -10 --------- Run | Yrd Mat Sub Distress Signals 2 | . 2 . Communications Jammed . | . . . Distress Signals . | . . . Times Spotted 33 | . 20 13 Peak Tracking Total 6 | . 6 3 Tactical Retreats 1 | . . 1 Traps | -11 -10 -10 ------- Run | Yrd Mat Sub Traps Triggered 2 | . 1 1 Indirectly . | . . . Trap Hack Attempts . | . . . Triggered . | . . . Disarmed . | . . . Reprogrammed . | . . . Reused . | . . . Traps Extracted . | . . . Installed . | . . . Triggered . | . . . Machines | -11 -10 -10 ---------- Run | Yrd Mat Sub Machines Disabled 1 | . 1 . Max in Single Turn 1 | . 1 . Machines Repaired . | . . . Machines Dismantled . | . . . Machines Sabotaged . | . . . Overloaded Fab Kills . | . . . Hacking | -11 -10 -10 --------- Run | Yrd Mat Sub Machines Accessed . | . . . Terminals . | . . . Fabricators . | . . . Repair Stations . | . . . Recycling Units . | . . . Scanalyzers . | . . . Garrison Access . | . . . Total Hacks . | . . . Successful . | . . . Failed . | . . . Catastrophic . | . . . Database Lockouts . | . . . Manual . | . . . Terminals . | . . . Fabricators . | . . . Repair Stations . | . . . Recycling Units . | . . . Scanalyzers . | . . . Garrison Access . | . . . Terminal Hacks . | . . . Fabricator Hacks . | . . . Repair Station Hacks . | . . . Recycling Unit Hacks . | . . . Scanalyzer . | . . . Garrison Access Hacks . | . . . Unauthorized Hacks . | . . . Terminals . | . . . Fabricators . | . . . Repair Stations . | . . . Recycling Units . | . . . Scanalyzers . | . . . Garrison Access . | . . . Data Cores Recovered . | . . . Used . | . . . Hacking Detections . | . . . Full Trace Events . | . . . Feedback Events . | . . . Feedback Blocked . | . . . Robot Schematics Acquired . | . . . Robots Built . | . . . Authchips . | . . . Time . | . . . Total Robot Build Rating . | . . . Part Schematics Acquired . | . . . Parts Built . | . . . Authchips . | . . . Time . | . . . Total Part Build Rating . | . . . Parts Repaired . | . . . Time . | . . . Parts Recycled . | . . . Recycled Matter . | . . . Retrieved Matter . | . . . Retrieved Components . | . . . Parts Scanalyzed . | . . . Part Schematics Acquired . | . . . Parts Damaged . | . . . Bothacking | -11 -10 -10 ------------ Run | Yrd Mat Sub Used RIF Installer . | . . . Robots Hacked . | . . . Non-combat . | . . . Combat . | . . . Robot Hacks Applied . | . . . Relay Couplers Released . | . . . Fabnet Peak Effective % . | . . . Robots Rewired . | . . . Allies Hacked . | . . . Hacks Repelled . | . . . Allies | -11 -10 -10 -------- Run | Yrd Mat Sub Total Allies . | . . . Largest Group . | . . . Highest-Rated Group . | . . . Highest-Rated Ally . | . . . Total Orders . | . . . Ally Attacks . | . . . Total Damage . | . . . Kills . | . . . Allies Corrupted . | . . . Allies Melted . | . . . Intel | -11 -10 -10 ------- Run | Yrd Mat Sub Robot Analysis Total . | . . . Derelict Logs Recovered . | . . . Drone Launches . | . . . Drone Recoveries . | . . . Exploration | -11 -10 -10 ------------- Run | Yrd Mat Sub Turns Passed 3358 | 76 1527 1755 Spaces Moved 1491 | 48 465 978 Core 9 | 9 . . Treads 1482 | 39 465 978 Legs . | . . . Wheels . | . . . Hover . | . . . Flight . | . . . Fastest Speed 50 | 50 160 160 Average Speed 159 | 139 160 160 Slowest Speed 160 | 160 160 160 Overloaded Moves . | . . . Propulsion Burnouts . | . . . Robots Hopped . | . . . Cave-ins Triggered . | . . . Exploration Rate (%) 47 | 5 80 58 Regions Visited 2 Branch Regions 1 Pre-discovered Areas 1 | . . 1 Known Exits Taken . | . . . Unknown Exits Taken 2 | 1 1 . Scrap Searched 6 | . . 6 Spaces Dug . | . . . Terrain Destroyed . | . . . Melee . | . . . Projectile . | . . . AOE . | . . . Terrain Rammed . | . . . Walls Destroyed . | . . . Machines Disabled . | . . . Actions | -11 -10 -10 --------- Run | Yrd Mat Sub Total 2296 | 55 1171 1070 Wait 670 | . 641 29 Move 1489 | 47 464 978 Hop . | . . . Pick Up 13 | 3 8 2 Fast Attach 13 | 5 5 3 Attach 1 | . . 1 Detach . | . . . Swap 4 | . 2 2 Drop 16 | . 11 5 Fire 90 | . 40 50 Melee . | . . . Ram . | . . . Kick . | . . . Crush . | . . . Escape Stasis . | . . . Rewire . | . . . Trap . | . . . Miscellaneous . | . . . Route ------- -11/Scrapyard -10/Materials (discovered 5 exits: [*Mat x3] / [*Min] / [*Sub]) -10/Subcaves (discovered 2 exits: [*Mat x2]) History --------- Turn | Location | Event 9 | -11/Scrapyard | Discovered new exit (range 15) 77 | -11/Scrapyard | Entered Materials 77 | -10/Materials | Discovered new exit (range 14) 310 | -10/Materials | Build established: Mutant 412 | -10/Materials | Discovered new exit (range 3) 1006 | -10/Materials | Discovered new exit (range 14) 1267 | -10/Materials | Discovered new exit (range 10) 1532 | -10/Materials | Discovered new exit (range 7) 1604 | -10/Materials | Entered Subcaves 1633 | -10/Subcaves | Discovered new exit (range 12) 1661 | -10/Subcaves | Core integrity fell below 50% 2482 | -10/Subcaves | Learned location of Zion (-6) 2482 | -10/Subcaves | Met a Zionite searching for "candidates" 2563 | -10/Subcaves | Shifting Twisted Machinery released Flamer 2567 | -10/Subcaves | Discovered new exit (range 10) 2568 | -10/Subcaves | Shifting Twisted Machinery released Sub. Shrapnel Launcher 2829 | -10/Subcaves | Shifting Twisted Machinery released Sub. Monowheel 2972 | -10/Subcaves | Shifting Twisted Machinery released Sub. Machine Gun 2973 | -10/Subcaves | Shifting Twisted Machinery released Hvy. Battle Rifle 2989 | -10/Subcaves | Shifting Twisted Machinery released Sub. Machine Gun 3352 | -10/Subcaves | Core integrity fell below 20% 3359 | -10/Subcaves | Destroyed by QB-AMF(R) with Subdweller Beam Cannon Last Messages --------------- Twisted Machinery. Destroyed Flight Unit. S-10 Pest destroyed. S-10 Pest suffers critical hit (Meltdown). Lgt. Assault Rifle melted. Lgt. Assault Rifle fries itself beyond repair. 8G-9PS(u) builds Twisted Machinery. Sub. Monowheel falls loose from the Twisted Machinery. 8G-9PS(u) builds Twisted Machinery. Sub. Machine Gun falls loose from the Twisted Machinery. Hvy. Battle Rifle falls loose from the Twisted Machinery. Sub. Machine Gun falls loose from the Twisted Machinery. Y-45 Defender destroyed. Imp. Ion Engine fries itself beyond repair. XV-4WL(R) destroyed. Lgt. Treads destroyed. Map ----- +----------------------------------------------------+ | ???????????????????????????????????????????????? | | ???????????????????????????????????????????????? | | ???????????????????????????????????????????????? | | ???????????????????????????????????????????????? | | ???????????????????????????????????????????????? | | ???????????????????????????????????????????????? | | ???????????????????????????????????????????????? | | ???????????????????????????????????????????????? | | ???????????????????????????????????????????????? | | ???????????????????????????????????????????????? | | ???????????????????????????????????????????????? | | ???????????????????????????????????????????????? | | ???????????????????????????????????????????????? | | ???????????????????????????????????????????????? | | ???????????????????????????????? ????????????? | | ???????????????????????????????# ????????????? | | ??????????????????????????????# ?????????????? | | ????????????????????????????? ??????????????? | | ?????????????????????????##?![ #???????????????? | | ????????????????????????? ##=R[#???????????????? | | ???????????????????????? #;*!##???????????????? | | ???????????????????????? #???????????????? | | ???????????????????????? ## #??? ?????? | | ??????????????????###### #?? ????? | | ???????????????#### # # #??# ????? | | ???????????????# @ #??# #????? | | ???????????????## #??# #????? | | ???????????????## # # ## ### #????? | | ??????????????## ######## ###??? | | ??????????????# ##### ##?? | | ??????????????# # #?? | | ??????????????# # ### #?# | | ??????????????# % # #### #?## | | ??????????????## #??# #??# | | ???????????????# #????# #??# | | ???????????????###### ##?????# ##?# | | ???????????????????## ####??## ### | | ??????????????????## #### | | ?????????????????## | | ?????????????????# ### ## | | ?????????????????# # ## | | ?????????????????# ##### # | | ?????????????????# ### ##???# ##### # | | ????????????????## #### #????# #???### | | ????????????????# #?# #????# #????# | | ????????????????# ### #??### ####### | | ????????????????# ## #### ## # | | ????????????????## ## # ## | | ?????????????????## ### #### | | ??????????????????# #?######## | +----------------------------------------------------+ Best States ------------- Heat Dissipation 25 Energy Generation 15 Energy Capacity 250 Matter Stores 300 Matter Capacity 300 Sight Range 16 Terrain Scan Density 10 Evasion (%) 40 Targeting Accuracy 12 Recoil Reduction 2 Item Schematics ----------------- None Robot Schematics ------------------ None Fabricated ------------ Nothing Alien Tech Used ----------------- None Achievements -------------- None Challenges ------------ None Game ------ Seed MasterPointyBlaster Manual? 1 Play Time 00:11:52 Cumulative 436.6 hours Start 2024.07.19 @ 02:52:03 End 2024.07.19 @ 03:03:21 Sessions 1 Manual Loads 0 Difficulty Rogue Special Mode None Game No. 257 Rogue 257 Adventurer 0 Explorer 0 Win Type - Total 30 Types 19/2/2/3/1/1/1/1/0 Lore% 85 Gallery% 94 Achievement% 95 Wizard Run 0 Options --------- Layout 1 ASCII 0 Keyboard 0 Movement Numpad Keybinds 0 Fullscreen 1 Font 24/Smallcaps Map View 50x35 Zoom Use 0% Tactical HUD 1 Map Filters NONE Filters NONE Steam 1 RUN: 90cd9713-40a2-4551-bede-456e81dea309